[Event "58th Akiba Rubinstein A 2022"]
[Site "Polanica-Zdroj"]
[Date "2022.08.18"]
[Round "6.1"]
[White "Razin, Vadim"]
[Black "Koziorowicz, Michal"]
[Result "0-1"]
[ECO "E10"]
[WhiteElo "2428"]
[BlackElo "2231"]
[Annotator "TA"]
[PlyCount "90"]
[EventDate "2022.08.13"]
[EventCountry "POL"]
[SourceTitle "playchess.com"]
[Source "ChessBase"]
[SourceQuality "1"]
[TimeControl "40/5400+30:1800+30"]

1. d4 Nf6 2. Nf3 e6 3. c4 c5 4. d5 b5 5. Bg5 exd5 6. cxd5 h6 7. Bxf6 Qxf6 8. Qc2 c4 {[%emt 0:00:33] E10: Blumenfeld Gambit.} 9. Nc3 Bb4 10. Qe4+ Kd8 {[%emt 0:05:15] The position is equal.} 11. Qd4 Qxd4 12. Nxd4 a6 {[%emt 0:01:16] [#]} 13. g3 $146 ({Predecessor:} 13. f3 Re8 14. a4 Bc5 15. O-O-O d6 16. axb5 Re3 17. b6 Bxb6 18. h4 a5 19. h5 Bc5 20. Kc2 Na6 21. Rh4 Nb4+ 22. Kd2 Re5 23. e3 Ba6 24. Ra1 Bb6 {½-½ (24) Kirienko,V (2313)-Liushnin,K (2326) ICCF email 2017}) 13... Bb7 (13... Bc5 $11 14. Rd1 d6) 14. Bg2 $14 d6 15. O-O Kc7 16. a4 Bc5 17. Rfd1 Kb6 18. Ne4 {[%emt 0:15:22] Nf5 is the strong threat.} (18. b3 {looks sharper.} cxb3 19. Nxb3 Nd7 20. Rab1) 18... Bxd4 19. Rxd4 Rd8 20. b3 (20. a5+ $16 Ka7 21. g4) 20... cxb3 21. Rb1 (21. a5+ $1 $14 Ka7 22. g4) 21... Nd7 $36 {[%emt 0:07:28][%cal Bb8d7,Bd7c5,Bc5e4][%mdl 2080] And now ...Nc5 would win. Black is more active.} 22. Rxb3 Nc5 23. Rb1 Nxe4 $1 24. Bxe4 Rdc8 25. Bd3 Rc5 26. e4 ({White should play} 26. f3 $11) 26... Rac8 $15 27. Kg2 Rc1 28. Rb2 Rd1 (28... R8c3 $15 29. axb5 a5) 29. Bxb5 $2 {[%emt 0:03:35] White is on the road to losing.} Rxd4 $19 30. Bc6+ Kc5 31. Rxb7 {[%emt 0:00:24][%mdl 4096] Endgame KRR-KRB} Rf8 32. Ra7 f5 ({And not} 32... Rxe4 33. Rxa6 Re1 34. Ra5+ Kc4 35. Ra7 $17) 33. exf5 Rxf5 34. f4 (34. Rc7 $142 Rf8 35. f4) 34... g5 35. Rc7 {[%emt 0:00:34] [#] Threatens to win with Bd7+.} Kb4 ({Resist} 35... gxf4 36. Bd7+ Kxd5 37. Bxf5 $18) ({Weaker is} 35... Rd2+ 36. Kh3 Rf8 37. fxg5 hxg5 38. Bb5+ Kb4 39. Bxa6) 36. Bd7 $2 (36. Rb7+ Ka3 37. fxg5) 36... Rf7 {[%emt 0:02:14] Black is clearly winning.} 37. f5 Rxd5 38. g4 Rd4 39. Kg3 Ka5 40. Rb7 Rxa4 41. Bxa4 Rxb7 42. Bc2 Kb4 43. Be4 Rb8 {[%emt 0:00:35] [#] aiming for ...a5.} 44. Bd5 Kc5 (44... a5 $142 45. Ba2 Kc5) 45. Be6 Kd4 {Weighted Error Value: White=0.75/Black=0.21 (precise)} 0-1

[Event "58th Akiba Rubinstein A 2022"]
[Site "Polanica-Zdroj"]
[Date "2022.08.18"]
[Round "6.2"]
[White "Cyborowski, Lukasz"]
[Black "Dziewonski, Dariusz"]
[Result "1/2-1/2"]
[ECO "D37"]
[WhiteElo "2483"]
[BlackElo "2029"]
[Annotator "TA"]
[PlyCount "92"]
[EventDate "2022.08.13"]
[EventCountry "POL"]
[SourceTitle "playchess.com"]
[Source "ChessBase"]
[SourceQuality "1"]
[TimeControl "40/5400+30:1800+30"]

1. d4 d5 2. Nf3 Nf6 3. c4 e6 4. Nc3 Be7 5. Bf4 O-O 6. Rc1 {[%emt 0:00:26] D37: Queen's Gambit Declined: 5 Bf4.} Nbd7 7. cxd5 exd5 8. e3 {[%emt 0:00:48] White has an edge.} c6 9. h3 Ne4 10. Bd3 Ndf6 11. Qc2 Bf5 12. O-O Nxc3 13. bxc3 (13. Bxf5 Nxa2 14. Ra1 Nb4 $17) 13... Bxd3 14. Qxd3 {[%emt 0:00:06] [#]} Bd6 $146 ({Predecessor:} 14... b5 15. Ne5 Qc8 16. Rc2 Re8 17. a4 a6 18. Ra1 Bd6 19. Bh2 c5 20. Qd1 c4 {½-½ (36) Laube,B (2334)-Iniguez,M (2298) ICCF email 2010}) 15. Bg5 h6 16. Bxf6 Qxf6 17. c4 Qe6 18. cxd5 Qxd5 19. Rc2 f5 20. Nd2 Rad8 21. Qb3 Qxb3 22. Nxb3 Rd7 23. Rb1 Re8 (23... Rff7 $11) 24. Na5 $16 f4 25. Rxb7 (25. exf4 $14 Bxf4 26. g3) 25... Rxb7 $11 26. Nxb7 fxe3 27. fxe3 $14 {[%emt 0:00:38][%cal Bf2e3,Be3e4][%mdl 4128] Endgame KRB-KRN} (27. Nxd6 $2 e2 28. Rxe2 Rxe2 $19) 27... Bg3 28. Rc3 ({Don't play} 28. Rxc6 Rxe3 29. Rc1 Rd3 $11) 28... Rb8 {[%emt 0:02:21] [#]} (28... Rf8 $1 $11) 29. Rb3 ({White should try} 29. e4 $1 $16) 29... Rf8 $1 $11 30. Na5 Rf2 {[%emt 0:00:34] The position is equal.} 31. e4 ({Much weaker is} 31. Nxc6 Rc2 32. Kf1 (32. Ne7+ $2 Kf7 $19) 32... Rxc6 $19) 31... Rxa2 {[%emt 0:00:11] ( -> ...Ra1+)} 32. Rxg3 Rxa5 {[%emt 0:00:03] KR-KR} 33. Rg6 Ra4 34. Rd6 c5 35. dxc5 Rxe4 36. Ra6 Rc4 37. c6 Rc2 38. g4 Kf8 39. Kf1 Ke8 40. Rxa7 Rxc6 41. Rxg7 Kf8 42. Rd7 h5 43. g5 Rc5 44. h4 Rc4 45. Rh7 Rxh4 46. g6 Rg4 {[%emt 0:00:16] Weighted Error Value: White=0.08 (flawless) /Black=0.08 (flawless)} 1/2-1/2

[Event "58th Akiba Rubinstein A 2022"]
[Site "Polanica-Zdroj"]
[Date "2022.08.18"]
[Round "6.3"]
[White "Siekanska, Maria"]
[Black "Bugajski, Robert"]
[Result "1-0"]
[ECO "D86"]
[WhiteElo "1964"]
[BlackElo "2075"]
[Annotator "NA RC"]
[PlyCount "51"]
[EventDate "2022.08.13"]
[EventCountry "POL"]
[SourceTitle "playchess.com"]
[Source "ChessBase"]
[SourceQuality "1"]
[TimeControl "40/5400+30:1800+30"]

1. d4 Nf6 2. c4 g6 3. Nc3 d5 4. cxd5 Nxd5 5. e4 Nxc3 6. bxc3 Bg7 7. Bc4 c5 8. Ne2 Nc6 9. Be3 O-O 10. O-O Bg4 11. f3 Bd7 12. Rc1 b6 13. Qd2 Qc7 14. Bh6 Rad8 15. h4 Qd6 16. e5 Qc7 17. Bxg7 Kxg7 18. Qe3 Bf5 19. g4 Be6 20. Bxe6 fxe6 21. Nf4 Kf7 22. h5 g5 23. Nh3 h6 24. f4 gxf4 25. Nxf4 Rg8 26. Nd5+ 1-0

[Event "58th Akiba Rubinstein A 2022"]
[Site "Polanica-Zdroj"]
[Date "2022.08.18"]
[Round "6.4"]
[White "Kowalczyk, Rafal"]
[Black "Antoniewicz, Jakub"]
[Result "1-0"]
[ECO "B01"]
[WhiteElo "2239"]
[BlackElo "1931"]
[Annotator "NA RC"]
[PlyCount "67"]
[EventDate "2022.08.13"]
[EventCountry "POL"]
[SourceTitle "playchess.com"]
[Source "ChessBase"]
[SourceQuality "1"]
[TimeControl "40/5400+30:1800+30"]

1. e4 d5 2. exd5 Qxd5 3. Nc3 Qd6 4. d4 c6 5. Nf3 Nf6 6. Ne5 Nbd7 7. Bf4 Nd5 8. Nxd5 Qxd5 9. Nf3 Nf6 10. Be2 Bf5 11. O-O Qe4 12. Be5 Qxc2 13. Qe1 e6 14. Rc1 Qa4 15. h3 Nd7 16. g4 Bg6 17. b3 Qxa2 18. d5 Nxe5 19. Nxe5 Bd6 20. Nxg6 hxg6 21. dxe6 Rxh3 22. exf7+ Kd7 23. g5 Rh4 24. Rc4 Rah8 25. Rxh4 Rxh4 26. Bf3 Rf4 27. Qc3 Rxf7 28. Ra1 Qxa1+ 29. Qxa1 Rxf3 30. Qxg7+ Be7 31. Qxg6 Rxb3 32. Qf5+ Kd8 33. g6 Rb5 34. Qxb5 1-0

[Event "58th Akiba Rubinstein A 2022"]
[Site "Polanica-Zdroj"]
[Date "2022.08.18"]
[Round "6.5"]
[White "Kejna, Piotr"]
[Black "Barwinska, Ewa"]
[Result "1/2-1/2"]
[ECO "B96"]
[WhiteElo "1970"]
[BlackElo "1940"]
[Annotator "NA RC"]
[PlyCount "61"]
[EventDate "2022.08.13"]
[EventCountry "POL"]
[SourceTitle "playchess.com"]
[Source "ChessBase"]
[SourceQuality "1"]
[TimeControl "40/5400+30:1800+30"]

1. e4 c5 2. Nf3 d6 3. d4 cxd4 4. Nxd4 Nf6 5. Nc3 a6 6. Bg5 e6 7. f4 Nc6 8. Nxc6 bxc6 9. e5 h6 10. Bh4 g5 11. fxg5 Nd5 12. Ne4 Qb6 13. Bd3 Qe3+ 14. Qe2 Qxe2+ 15. Kxe2 dxe5 16. Nf6+ Ke7 17. Rhf1 Nf4+ 18. Kf3 Bg7 19. Ng4 hxg5 20. Bxg5+ f6 21. Bxf4 exf4 22. Kxf4 e5+ 23. Kg3 Bxg4 24. Kxg4 Rxh2 25. Kg3 Rhh8 26. Rad1 Bh6 27. Be4 Bf4+ 28. Kf2 Rac8 29. Rd3 Rhd8 30. Rfd1 c5 31. Rxd8 1/2-1/2

[Event "58th Akiba Rubinstein A 2022"]
[Site "Polanica-Zdroj"]
[Date "2022.08.18"]
[Round "6.6"]
[White "Skrzypczynski, Kacper"]
[Black "Lambrecht, Tomasz"]
[Result "1/2-1/2"]
[ECO "D45"]
[WhiteElo "1793"]
[BlackElo "1956"]
[Annotator "NA RC"]
[PlyCount "70"]
[EventDate "2022.08.13"]
[EventCountry "POL"]
[SourceTitle "playchess.com"]
[Source "ChessBase"]
[SourceQuality "1"]
[TimeControl "40/5400+30:1800+30"]

1. d4 d5 2. c4 c6 3. Nf3 e6 4. e3 Nf6 5. Nc3 Nbd7 6. Be2 Bd6 7. O-O O-O 8. b3 b6 9. Bb2 Bb7 10. Nd2 Rc8 11. cxd5 exd5 12. Bf3 Re8 13. Rc1 Nf8 14. e4 dxe4 15. Ndxe4 Nxe4 16. Bxe4 Qg5 17. Qd3 Rcd8 18. g3 Qa5 19. Rfd1 Ba3 20. Bxa3 Qxa3 21. Nb5 cxb5 22. Bxb7 Ne6 23. Bc6 Rxd4 24. Qe2 Rc8 25. Rc2 Qd6 26. Rdc1 b4 27. Bb7 Rxc2 28. Rxc2 g6 29. Qa6 Qe5 30. Bf3 Rd7 31. Re2 Qa1+ 32. Kg2 Kg7 33. Bg4 Re7 34. Bxe6 fxe6 35. Qc4 a5 1/2-1/2

[Event "58th Akiba Rubinstein A 2022"]
[Site "Polanica-Zdroj"]
[Date "2022.08.18"]
[Round "6.7"]
[White "Kolodziejski, Piotr"]
[Black "Paprocki, Antoni"]
[Result "1-0"]
[ECO "B10"]
[WhiteElo "2107"]
[BlackElo "1981"]
[Annotator "NA RC"]
[PlyCount "113"]
[EventDate "2022.08.13"]
[EventCountry "POL"]
[SourceTitle "playchess.com"]
[Source "ChessBase"]
[SourceQuality "1"]
[TimeControl "40/5400+30:1800+30"]

1. e4 c6 2. Nf3 d5 3. d3 dxe4 4. dxe4 Qxd1+ 5. Kxd1 Nf6 6. Nbd2 g6 7. h3 Bh6 8. Bd3 Nbd7 9. Nb3 Bxc1 10. Rxc1 a5 11. a4 e5 12. Ke2 Nh5 13. g3 f6 14. Nfd2 Ke7 15. Nc4 b6 16. Ke3 Ng7 17. Rhd1 Ne6 18. Be2 Rb8 19. Bg4 Ndc5 20. Nxc5 Nxc5 21. Bxc8 Rhxc8 22. Ra1 Rd8 23. b3 Ne6 24. Rxd8 Kxd8 25. f4 exf4+ 26. gxf4 g5 27. fxg5 fxg5 28. Rf1 Ke7 29. Ne5 Kd6 30. Rf5 h6 31. Nf7+ Ke7 32. Nxh6 Rh8 33. Rf7+ Ke8 34. Rf6 Ke7 35. Rf7+ Ke8 36. Rf6 Ke7 37. Rg6 Kd7 38. e5 Nf4 39. Rd6+ Kc7 40. Ke4 Nxh3 41. Kf5 Nf4 42. Rf6 c5 43. Kxg5 Nd5 44. Rg6 Rf8 45. Nf5 Re8 46. c4 Nc3 47. e6 Ne4+ 48. Kf4 Nd2 49. Ke5 Nf3+ 50. Kf4 Nd2 51. Rg7+ Kc6 52. Ke5 Nxb3 53. Nd6 Rh8 54. Nb5 Rh5+ 55. Kf6 Rh6+ 56. Kg5 Rxe6 57. Rc7# 1-0

[Event "58th Akiba Rubinstein A 2022"]
[Site "Polanica-Zdroj"]
[Date "2022.08.18"]
[Round "6.8"]
[White "Skurniak, Szymon"]
[Black "Smietanska, Wiktoria"]
[Result "1-0"]
[ECO "E73"]
[WhiteElo "2051"]
[BlackElo "1919"]
[Annotator "NA RC"]
[PlyCount "85"]
[EventDate "2022.08.13"]
[EventCountry "POL"]
[SourceTitle "playchess.com"]
[Source "ChessBase"]
[SourceQuality "1"]
[TimeControl "40/5400+30:1800+30"]

1. c4 Nf6 2. Nc3 g6 3. e4 d6 4. d4 Bg7 5. Be2 O-O 6. Be3 e5 7. d5 a5 8. g4 Na6 9. h4 Nd7 10. h5 Nac5 11. Qd2 a4 12. Nh3 Qe7 13. O-O-O Rd8 14. f3 Nf8 15. Rh2 Bd7 16. Rdh1 c6 17. hxg6 hxg6 18. Ng5 b5 19. dxc6 Bxc6 20. cxb5 Bb7 21. Bc4 Nce6 22. Nh7 Rdc8 23. Nxf8 Rxc4 24. Nxe6 Qxe6 25. Kb1 Rac8 26. Rh7 Qf6 27. Qh2 Kf8 28. Rxg7 Qxf3 29. Rg8+ Ke7 30. Rxc8 Rxc8 31. Re1 Bxe4+ 32. Ka1 Bb7 33. Qd2 d5 34. Nxa4 Qxg4 35. Nc5 Ba8 36. b6 Bc6 37. b7 Rb8 38. Bg5+ f6 39. Qa5 Kd6 40. Bxf6 e4 41. Nxe4+ dxe4 42. Qe5+ Kd7 43. Qe7# 1-0

[Event "58th Akiba Rubinstein A 2022"]
[Site "Polanica-Zdroj"]
[Date "2022.08.18"]
[Round "6.9"]
[White "Majocha, Piotr"]
[Black "Nowak, Filip"]
[Result "1/2-1/2"]
[ECO "D45"]
[WhiteElo "2036"]
[BlackElo "1957"]
[Annotator "NA RC"]
[PlyCount "25"]
[EventDate "2022.08.13"]
[EventCountry "POL"]
[SourceTitle "playchess.com"]
[Source "ChessBase"]
[SourceQuality "1"]
[TimeControl "40/5400+30:1800+30"]

1. Nf3 d5 2. c4 c6 3. e3 Nf6 4. Nc3 e6 5. d4 Nbd7 6. Qc2 Bd6 7. b3 O-O 8. Be2 b6 9. O-O Bb7 10. Bb2 Qe7 11. Rad1 Rac8 12. Rfe1 Rfd8 13. e4 1/2-1/2

[Event "58th Akiba Rubinstein A 2022"]
[Site "Polanica-Zdroj"]
[Date "2022.08.18"]
[Round "6.10"]
[White "Betkowski, Andrzej"]
[Black "Hetzer, Volkhard"]
[Result "1/2-1/2"]
[ECO "A44"]
[WhiteElo "2063"]
[BlackElo "1921"]
[Annotator "NA RC"]
[PlyCount "20"]
[EventDate "2022.08.13"]
[EventCountry "POL"]
[SourceTitle "playchess.com"]
[Source "ChessBase"]
[SourceQuality "1"]
[TimeControl "40/5400+30:1800+30"]

1. d4 c5 2. d5 e5 3. e4 d6 4. Nc3 Be7 5. Nf3 a6 6. a4 Bg4 7. h3 Bxf3 8. Qxf3 Bg5 9. Bxg5 Qxg5 10. Qg4 Qxg4 1/2-1/2

[Event "58th Akiba Rubinstein A 2022"]
[Site "Polanica-Zdroj"]
[Date "2022.08.18"]
[Round "6.11"]
[White "Wolanski, Michal"]
[Black "Motyl, Tomasz"]
[Result "1/2-1/2"]
[ECO "A14"]
[WhiteElo "2005"]
[BlackElo "1936"]
[Annotator "NA RC"]
[PlyCount "127"]
[EventDate "2022.08.13"]
[EventCountry "POL"]
[SourceTitle "playchess.com"]
[Source "ChessBase"]
[SourceQuality "1"]
[TimeControl "40/5400+30:1800+30"]

1. c4 e6 2. g3 d5 3. Bg2 Nf6 4. Nf3 Be7 5. O-O O-O 6. b3 d4 7. e3 c5 8. exd4 cxd4 9. d3 Nc6 10. Re1 a5 11. Ne5 Bd7 12. Nxd7 Qxd7 13. Na3 Rfd8 14. Nb5 a4 15. bxa4 Ra6 16. Bf4 Bb4 17. Re2 Ne8 18. Rb1 Bc5 19. Reb2 Rda8 20. Qf3 e5 21. Bg5 h6 22. Bd2 Rxa4 23. a3 Qe7 24. Qf5 g6 25. Qg4 Kg7 26. Qh3 h5 27. Bd5 R8a6 28. f4 Nf6 29. Nc7 Qxc7 30. Rxb7 Nxd5 31. cxd5 Qd6 32. Rd7 Qf6 33. dxc6 Qxc6 34. Rbb7 Ra7 35. Rxf7+ Kg8 36. Rxa7 Bxa7 37. Qd7 Qxd7 38. Rxd7 exf4 39. Bb4 fxg3 40. hxg3 Ra6 41. Kg2 g5 42. Rd5 Rg6 43. Be7 g4 44. Rxh5 Re6 45. Bb4 Re2+ 46. Kf1 Re3 47. Rg5+ Kf7 48. Rxg4 Rxd3 49. Re4 Kf6 50. g4 Kg5 51. Be7+ Kg6 52. Ke2 Rb3 53. Bb4 Kg5 54. Bd2+ Kf6 55. g5+ Kf5 56. Rf4+ Ke5 57. g6 Rg3 58. Rf7 d3+ 59. Kd1 Rg1+ 60. Be1 Bc5 61. g7 Bxa3 62. Rf8 Rxg7 63. Bc3+ Ke4 64. Bxg7 1/2-1/2

[Event "58th Akiba Rubinstein A 2022"]
[Site "Polanica-Zdroj"]
[Date "2022.08.18"]
[Round "6.12"]
[White "Sliwerski, Radoslaw"]
[Black "Skrzyczek, Tomasz"]
[Result "1-0"]
[ECO "A57"]
[WhiteElo "1951"]
[BlackElo "1909"]
[Annotator "NA RC"]
[PlyCount "89"]
[EventDate "2022.08.13"]
[EventCountry "POL"]
[SourceTitle "playchess.com"]
[Source "ChessBase"]
[SourceQuality "1"]
[TimeControl "40/5400+30:1800+30"]

1. d4 Nf6 2. c4 c5 3. d5 b5 4. Qc2 b4 5. e4 d6 6. h3 g6 7. Bg5 Bg7 8. Nd2 O-O 9. Ngf3 h6 10. Be3 a5 11. Bd3 Qc7 12. O-O e5 13. dxe6 Bxe6 14. Rfe1 Nc6 15. Bf4 Nh5 16. Bh2 Be5 17. Nf1 a4 18. Bxe5 dxe5 19. Ne3 Nf4 20. Qd2 Rad8 21. Nd5 Qd6 22. Bf1 Kg7 23. Rad1 Qb8 24. Qe3 Nd4 25. Nxd4 cxd4 26. Qd2 Bxd5 27. exd5 Rfe8 28. g3 Nh5 29. Bg2 Qd6 30. Qc2 Qc5 31. Rc1 Ra8 32. Qd3 a3 33. b3 f5 34. Rcd1 Kh7 35. Kh2 f4 36. Be4 Ra6 37. g4 Ng7 38. h4 Qe7 39. Kh3 h5 40. gxh5 Nxh5 41. Rg1 f3 42. Bxg6+ Kh6 43. Bxh5 Kxh5 44. Qxf3+ Kh6 45. Rg5 1-0

[Event "58th Akiba Rubinstein A 2022"]
[Site "Polanica-Zdroj"]
[Date "2022.08.18"]
[Round "6.13"]
[White "Kasprzak, Lukasz"]
[Black "Czechowski, Jakub"]
[Result "1/2-1/2"]
[ECO "E81"]
[WhiteElo "1938"]
[BlackElo "2003"]
[Annotator "NA RC"]
[PlyCount "115"]
[EventDate "2022.08.13"]
[EventCountry "POL"]
[SourceTitle "playchess.com"]
[Source "ChessBase"]
[SourceQuality "1"]
[TimeControl "40/5400+30:1800+30"]

1. d4 Nf6 2. c4 g6 3. Nc3 Bg7 4. e4 d6 5. f3 O-O 6. Nge2 c5 7. Be3 Nc6 8. d5 Na5 9. Ng3 a6 10. Qc2 Bd7 11. Rb1 e6 12. b4 exd5 13. cxd5 cxb4 14. Rxb4 b5 15. Bd3 Rc8 16. Nge2 Nb7 17. Rb1 Re8 18. Qd2 Nc5 19. O-O Qa5 20. Rfc1 Rc7 21. Bf4 Qb6 22. Be3 Rec8 23. e5 dxe5 24. Na4 Qd6 25. Nxc5 Rxc5 26. Rxc5 Rxc5 27. Qb4 Rxd5 28. Qxd6 Rxd6 29. Bc2 Be6 30. a4 Bc4 31. axb5 axb5 32. Nc3 Nd5 33. Nxb5 Bxb5 34. Bc5 Nc3 35. Bxd6 Nxb1 36. Bxb1 Bc4 37. g4 f6 38. f4 Kf7 39. Kf2 Ke6 40. fxe5 fxe5 41. Ba3 Bd5 42. h4 Bf6 43. h5 Bh4+ 44. Ke3 Bg5+ 45. Ke2 e4 46. Bb2 Bc4+ 47. Kd1 e3 48. Bd4 e2+ 49. Ke1 Be7 50. Be3 Kf7 51. Be4 Kg7 52. Bf3 Bb4+ 53. Bd2 Bxd2+ 54. Kxd2 Kf6 55. hxg6 hxg6 56. Bxe2 Be6 57. Ke3 Ke5 58. Bf3 1/2-1/2

[Event "58th Akiba Rubinstein A 2022"]
[Site "Polanica-Zdroj"]
[Date "2022.08.18"]
[Round "6.14"]
[White "Iwanczuk, Krzysztof"]
[Black "Rog, Bartlomiej"]
[Result "0-1"]
[ECO "B06"]
[WhiteElo "1947"]
[BlackElo "2091"]
[Annotator "NA RC"]
[PlyCount "64"]
[EventDate "2022.08.13"]
[EventCountry "POL"]
[SourceTitle "playchess.com"]
[Source "ChessBase"]
[SourceQuality "1"]
[TimeControl "40/5400+30:1800+30"]

1. e4 d6 2. d4 g6 3. Nc3 Bg7 4. Be3 Nf6 5. Qd2 a6 6. O-O-O b5 7. f3 Nbd7 8. Bh6 Bxh6 9. Qxh6 Bb7 10. e5 b4 11. Nb1 Nd5 12. e6 fxe6 13. Qg7 Rf8 14. Qxh7 Rf6 15. Re1 c5 16. Nd2 Qa5 17. Bc4 cxd4 18. Ne4 b3 19. Nxf6+ N7xf6 20. Qxg6+ Kd7 21. Ne2 bxa2 22. Bxa2 Qxa2 23. Nxd4 Rg8 24. Qd3 Qa1+ 25. Kd2 Rxg2+ 26. Ne2 Qa5+ 27. c3 Nf4 28. Qe3 N6d5 29. Qd4 Qb5 30. c4 Qb4+ 31. Kd1 Qb3+ 32. Kd2 e5 0-1

[Event "58th Akiba Rubinstein A 2022"]
[Site "Polanica-Zdroj"]
[Date "2022.08.18"]
[Round "6.15"]
[White "Walkusz, Witoslaw"]
[Black "Paszkowski, Krystian"]
[Result "1/2-1/2"]
[ECO "B31"]
[WhiteElo "2001"]
[BlackElo "1988"]
[Annotator "NA RC"]
[PlyCount "21"]
[EventDate "2022.08.13"]
[EventCountry "POL"]
[SourceTitle "playchess.com"]
[Source "ChessBase"]
[SourceQuality "1"]
[TimeControl "40/5400+30:1800+30"]

1. e4 c5 2. Nf3 Nc6 3. Bb5 g6 4. Bxc6 dxc6 5. d3 Bg7 6. h3 Nf6 7. Nc3 Nd7 8. Be3 e5 9. Qd2 h6 10. O-O b6 11. a4 1/2-1/2

[Event "58th Akiba Rubinstein A 2022"]
[Site "Polanica-Zdroj"]
[Date "2022.08.19"]
[Round "7.1"]
[White "Koziorowicz, Michal"]
[Black "Siekanska, Maria"]
[Result "1-0"]
[ECO "B50"]
[WhiteElo "2231"]
[BlackElo "1964"]
[Annotator "NA RC"]
[PlyCount "73"]
[EventDate "2022.08.13"]
[EventCountry "POL"]
[SourceTitle "playchess.com"]
[Source "ChessBase"]
[SourceQuality "1"]
[TimeControl "40/5400+30:1800+30"]

1. e4 c5 2. Nf3 d6 3. c3 Nf6 4. h3 e6 5. Bd3 Be7 $11 6. Bc2 O-O 7. d4 b6 8. O-O Bb7 9. Re1 Nc6 10. Nbd2 cxd4 11. cxd4 Qc7 12. a3 Rac8 13. Bd3 a6 14. b4 b5 15. Bb2 Qb6 16. Nb3 Rc7 17. Nfd2 Rfc8 18. Rc1 Qa7 19. Re3 Nd7 20. Bb1 Nb6 21. d5 Ne5 22. Rxc7 Rxc7 23. dxe6 fxe6 24. Bd4 Bg5 25. Qh5 h6 26. Qe8+ Kh7 27. Rg3 Bc8 28. Nf3 Bf6 29. Nxe5 Bxe5 30. Qg6+ Kg8 31. Qe8+ Kh7 32. Rf3 Bd7 33. Qd8 Qb7 34. Rf7 Qc8 35. Bxe5 dxe5 36. Qe7 Qg8 37. Rf8 1-0

[Event "58th Akiba Rubinstein A 2022"]
[Site "Polanica-Zdroj"]
[Date "2022.08.19"]
[Round "7.2"]
[White "Kowalczyk, Rafal"]
[Black "Cyborowski, Lukasz"]
[Result "1/2-1/2"]
[ECO "B40"]
[WhiteElo "2239"]
[BlackElo "2483"]
[Annotator "TA"]
[PlyCount "29"]
[EventDate "2022.08.13"]
[EventCountry "POL"]
[SourceTitle "playchess.com"]
[Source "ChessBase"]
[SourceQuality "1"]
[TimeControl "40/5400+30:1800+30"]

1. e4 c5 2. Nf3 e6 3. g3 Nc6 4. Bg2 Nf6 5. Qe2 d6 6. O-O Be7 7. c3 e5 {[%emt 0:00:39] C00: French: Unusual White 2nd moves.} 8. h3 (8. Rd1 $5 ) 8... O-O {[%emt 0:01:18] [#] Not much happened in this game.} {Predecessor:} 9. Rd1 $146 Re8 10. Na3 Bf8 11. d3 h6 12. Nc4 b5 13. Ne3 Rb8 14. a4 b4 15. Nc4 {½-½ (74) Harika,D (2515)-Hou,Y (2658) Chess.com INT 2021} 1/2-1/2

[Event "58th Akiba Rubinstein A 2022"]
[Site "Polanica-Zdroj"]
[Date "2022.08.19"]
[Round "7.3"]
[White "Dziewonski, Dariusz"]
[Black "Razin, Vadim"]
[Result "0-1"]
[ECO "C16"]
[WhiteElo "2029"]
[BlackElo "2428"]
[Annotator "TA"]
[PlyCount "118"]
[EventDate "2022.08.13"]
[EventCountry "POL"]
[SourceTitle "playchess.com"]
[Source "ChessBase"]
[SourceQuality "1"]
[TimeControl "40/5400+30:1800+30"]

1. e4 e6 2. d4 d5 3. Nc3 Bb4 4. e5 Qd7 5. Qg4 f5 6. Qg3 b6 7. a3 Bxc3+ {[%emt 0:00:10] C16: French: 3 Nc3 Bb4 4 e5: Lines without ...c5.} 8. Qxc3 {[%emt 0:02:26] is the legacy move (8.bxc3).} Ba6 9. Bxa6 Nxa6 {[%emt 0:00:01] White is slightly better.} 10. Qd3 Nb8 {[%emt 0:00:24] [#]} 11. Ne2 $146 ({Predecessor:} 11. Be3 Ne7 12. Ne2 O-O 13. h4 a5 14. h5 Na6 15. Bg5 c5 16. Bxe7 Qxe7 17. Nf4 cxd4 18. Qxd4 {0-1 (117) Sieber,F (2246)-Zatonskih,A (2431) Germany 2018}) 11... Nc6 (11... c5 $14) 12. Bd2 Nge7 13. Bb4 a5 14. Bxe7 Nxe7 15. h4 g6 (15... c5 $11) 16. a4 c5 17. Qb5 Qc6 18. Rh3 {[%emt 0:05:39] Hoping for dxc5.} Kf7 19. f4 h6 20. Rb3 Rab8 21. Qxc6 (21. dxc5 $14 bxc5 22. Qxc6 Nxc6 23. Rb5) 21... Nxc6 $11 22. Rc3 c4 23. b3 Nb4 24. bxc4 Rbc8 25. c5 bxc5 26. dxc5 g5 $1 27. Kf2 ({Not} 27. fxg5 $2 hxg5 28. Kf2 Rxh4 $19) 27... gxf4 28. Nxf4 d4 29. Rc4 Nc6 30. Nd3 Rb8 31. Ra3 Rb1 32. Rb3 Rxb3 33. cxb3 $15 {[%emt 0:00:05][%mdl 4096] Endgame KRN-KRN} Rb8 {[%emt 0:00:08] Prevents b4.} 34. Nc1 h5 {[%emt 0:03:01][%mdl 1024] Black has compensation.} 35. g3 Ke7 36. Ke2 Rg8 37. Kf2 Rb8 38. Ke2 Kd7 39. Kf2 $1 Kc7 40. Ke2 (40. Ne2 $5 ) 40... Rg8 41. Kf2 Rg4 (41... f4 $5 42. gxf4 Rg4 $11) 42. Ne2 Re4 {[%emt 0:01:03] ...Kb7 is the strong threat.} 43. Kf1 $2 {[%emt 0:01:47][%mdl 8192] [#] White is now going downhill.} (43. Nf4 $11 {and White is okay.}) 43... d3 $1 $19 44. Rxe4 (44. Nc3 $142 Rxe5 45. Nb5+ Kd7 46. Rc3) 44... fxe4 {[%emt 0:00:17] KN-KN} 45. Nf4 Nd4 {[%emt 0:08:42] ( -> ...d2)} 46. Ke1 Kc6 47. Nxh5 Nf3+ 48. Kd1 Kxc5 49. Nf4 Kd4 50. h5 Ng5 ({Stronger than} 50... Kxe5 51. h6 Ng5 52. Kd2 $11) 51. h6 e3 52. Nxe6+ Nxe6 {[%emt 0:00:08] KN-KP. Black mates.} 53. h7 e2+ 54. Kd2 Ng5 55. h8=Q Nf3+ 56. Kc1 e1=Q+ 57. Kb2 Qxe5 58. Qd8+ Ke3+ 59. Ka2 d2 {[%emt 0:00:07] Weighted Error Value: White=0.53/Black=0.13 (very precise)} 0-1

[Event "58th Akiba Rubinstein A 2022"]
[Site "Polanica-Zdroj"]
[Date "2022.08.19"]
[Round "7.4"]
[White "Lambrecht, Tomasz"]
[Black "Skurniak, Szymon"]
[Result "1/2-1/2"]
[ECO "A41"]
[WhiteElo "1956"]
[BlackElo "2051"]
[Annotator "NA RC"]
[PlyCount "20"]
[EventDate "2022.08.13"]
[EventCountry "POL"]
[SourceTitle "playchess.com"]
[Source "ChessBase"]
[SourceQuality "1"]
[TimeControl "40/5400+30:1800+30"]

1. d4 d6 2. Nf3 Bg4 3. e4 Nf6 4. Nc3 c6 5. h3 Bh5 6. Qe2 e6 7. g4 Bg6 8. h4 h5 9. g5 Nfd7 10. Bh3 Qb6 1/2-1/2